 Dungeon Crawl Stone Soup version 0.29.1-12-g30fa7ad0bf (webtiles) character file.

Game seed: 1896897719107282555

82 AarnesTheHuman the Digger (level 4, -4/24 HPs)
             Began as a Gargoyle Earth Elementalist on Dec 13, 2022.
             Slain by an iguana (7 damage)
             ... on level 3 of the Dungeon.
             The game lasted 00:02:57 (2293 turns).

AarnesTheHuman the Digger (GrEE)                    Turns: 2293, Time: 00:02:58

Health: -4/24      AC:  5    Str: 11    XL:     4   Next: 43%
Magic:  3/8        EV: 15    Int: 18    God:
Gold:   99         SH:  0    Dex: 10    Spells: 8/9 levels left

rFire   . . .      SeeInvis .   e - +0 dagger
rCold   + . .      Faith    .   (no shield)
rNeg    + . .      Spirit   .   a - +0 robe
rPois   ∞          Reflect  .   (no helmet)
rElec   +          Harm     .   (no cloak)
rCorr   .          Rampage  .   (no gloves)
Will    .....                   (no boots)
Stlth   ++........              (no amulet)
HPRegen 0.08/turn               i - +4 ring of evasion
MPRegen 0.11/turn               k - ring of protection from cold

@: no status effects
A: sickness immunity, AC +3, negative energy resistance 1, electricity
resistance, torment resistance 1, petrification resistance
a: no special abilities


You were on level 3 of the Dungeon.
You visited 1 branch of the dungeon, and saw 3 of its levels.

You collected 99 gold pieces.

Inventory:

Hand Weapons
 e - a +0 dagger (weapon)
Missiles
 d - 13 stones
Armour
 a - a +0 robe (worn)
Magical Staves
 h - a staff of conjuration
Jewellery
 c - an amulet of guardian spirit
 i - a +4 ring of evasion (left hand)
 j - a ring of positive energy
 k - a ring of protection from cold (right hand)
Scrolls
 f - a scroll of identify {unknown}
 g - a scroll of vulnerability {unknown}
 l - a scroll of enchant armour {unknown}
Potions
 b - a potion of magic


   Skills:
 - Level 1.5 Dodging
 - Level 2.2 Stealth
 + Level 3.2 Spellcasting
 - Level 0.7 Transmutations
 + Level 5.0 Earth Magic


You had 8 spell levels left.
You knew the following spells:

 Your Spells              Type           Power      Damage    Failure   Level
a - Sandblast             Erth           42%        2d11      1%          1

Your spell library contained the following spells:

 Spells                   Type           Power      Damage    Failure   Level
 Passwall                 Tmut/Erth      10%        N/A       8%          2
 Beastly Appendage        Tmut           10%        N/A       12%         1
 Wereblood                Tmut           5%         N/A       17%         2
 Stone Arrow              Conj/Erth      24%        3d8       17%         3
 Blink                    Tloc           4%         N/A       24%         2
 Spider Form              Tmut/Pois      4%         N/A       38%         3
 Lesser Beckoning         Tloc           2%         N/A       43%         3
 Petrify                  Tmut/Erth      13%        N/A       43%         4
 Manifold Assault         Tloc           2%         N/A       99%         5


Dungeon Overview and Level Annotations

Branches:
Dungeon (3/15)

Altars:

Annotations:
D:2 Sigmund


Innate Abilities, Weirdness & Mutations

You are immune to sickness and miasma.
Your stone body is resilient. (AC +3)
You are immune to poison.
You resist negative energy. (rN+)
You are resistant to electric shocks. (rElec)
You are resistant to unholy torment.
You are immune to petrification.


Message History

Press: ? - help, Shift-Dir - straight line, f/p - iguana
Aim: an iguana (heavily wounded, 85% to hit)
The blast of sand misses the iguana.
The iguana bites you.
* * * LOW HITPOINT WARNING * * *
The iguana hisses menacingly.
The iguana barely misses you. The goblin barely misses you.
Casting: Sandblast (safe; 1% risk of failure)
Confirm with . or Enter, or press ? or * to list all spells.
Aiming: Sandblast (safe; 1% risk of failure)
Press: ? - help, Shift-Dir - straight line, f/p - iguana
Aim: an iguana (heavily wounded, 85% to hit)
The blast of sand hits the iguana but does no damage.
The iguana is heavily wounded.
The iguana completely misses you. The goblin hits you but does no damage.
Okay, then.
Okay, then.
The iguana attacks as you move away! The iguana closely misses you.
The goblin hits you but does no damage. The goblin attacks as you move away!
The goblin misses you. The goblin attacks as you move away!
The goblin barely misses you. The iguana attacks as you move away!
The iguana completely misses you.
There is a stone staircase leading up here.
Casting: Sandblast (safe; 1% risk of failure)
Confirm with . or Enter, or press ? or * to list all spells.
Aiming: Sandblast (safe; 1% risk of failure)
Press: ? - help, Shift-Dir - straight line, f/p - iguana
Aim: an iguana (heavily wounded, 85% to hit)
The blast of sand hits the iguana but does no damage.
The iguana is heavily wounded.
The iguana misses you. The goblin barely misses you.
The iguana barely misses you. The goblin completely misses you.
Casting: Sandblast (safe; 1% risk of failure)
Confirm with . or Enter, or press ? or * to list all spells.
Aiming: Sandblast (safe; 1% risk of failure)
Press: ? - help, Shift-Dir - straight line, f/p - iguana
Aim: an iguana (heavily wounded, 85% to hit)
The blast of sand hits the iguana but does no damage.
The iguana is heavily wounded.
The iguana bites you!
You die...

...........#...
...............
...........#######
..................
...............####.
....................
..#......#..........
. #......#.lg......#
#......#.@.......#
#......#.........#
######.#.........#
#.#.........#
..#.........#
##.........
#...).....
#.........


You could see an iguana and a goblin.

Vanquished Creatures
  Jessica (D:2)
  An adder (D:2)
  3 dart slugs
  7 bats
  2 endoplasms (D:1)
  2 giant cockroaches (D:2)
  3 hobgoblins
  3 jackals (D:1)
  2 kobolds (D:2)
  A quokka (D:2)
  4 ball pythons (D:1)
  4 frilled lizards
  4 goblins
  4 rats (D:1)
41 creatures vanquished.

Notes
Turn   | Place    | Note
-------+----------+-------------------------------------------
     0 | D:1      | AarnesTheHuman the Gargoyle Earth Elementalist began the
                  | quest for the Orb.
     0 | D:1      | Reached XP level 1. HP: 10/10 MP: 3/3
   502 | D:1      | Reached XP level 2. HP: 12/15 MP: 1/5
   503 | D:1      | Reached skill level 4 in Earth Magic
  1111 | D:1      | Found a faded altar of an unknown god.
  1142 | D:1      | Reached XP level 3. HP: 19/19 MP: 4/6
  1722 | D:2      | Noticed Jessica
  1729 | D:2      | Killed Jessica
  1730 | D:2      | Reached XP level 4. HP: 20/24 MP: 2/8
  1831 | D:2      | Reached skill level 5 in Earth Magic
  2055 | D:2      | Noticed Sigmund
  2293 | D:3      | Slain by an iguana

Illustrated notes

Levels and vault maps discovered:
D:1:      dpeg_arrival_arbitrary_a, layout_basic,
          shapermc_ecumenical_altar_mp_vishouse, chequers_serial_rivers_micro_b
D:2:      layout_basic, uniq_sigmund, uniq_jessica
D:3:      layout_basic

Skill      XL: |  1  2  3  4 |
---------------+-------------+-----
Earth Magic    | 4 5 |  5.0
Spellcasting   | 3 |  3.2
Dodging        | |  1.5
Stealth        | |  2.2
Transmutations | |  0.7

Action                   |  1- 3 |  4- 6 || total
-------------------------+-------+-------++-------
Melee: Unarmed           |    14 |       ||    14
       Dagger            |    12 |     6 ||    18
 Cast: Sandblast         |    36 |    17 ||    53
 Stab: Sleeping          |     2 |       ||     2
Armor: Robe              |    18 |     5 ||    23
Dodge: Dodged            |    41 |    25 ||    66
